 Dungeon Crawl Stone Soup version 0.20.0-15-g7f486f2 (webtiles) character file.

94 Phantomfrettchen the Covered (level 4, -1/35 HPs)
             Began as a Demonspawn Chaos Knight on June 20, 2017.
             Succumbed to Sigmund's poison
             ... on level 3 of the Dungeon.
             The game lasted 00:09:35 (2057 turns).

Phantomfrettchen the Covered (DsCK)                 Turns: 2057, Time: 00:09:36

Health: -1/35      AC: 10    Str: 13    XL:     4   Next: 38%
Magic:  2/4        EV: 11    Int: 13    God:    Xom [..*...]
Gold:   109        SH:  2    Dex: 13    Spells: 3/3 levels left

rFire    + + .     SeeInvis .     - Unarmed
rCold    + . .     Gourm    .   (no shield)
rNeg     . . .     Faith    .   k - +2 ring mail {rC+}
rPois    +         Spirit   +   (no helmet)
rElec    +         Reflect  +   (no cloak)
rCorr    +         Harm     .   v - +0 pair of gloves
MR       .....                  (no boots)
Stlth    +.........             m - +2 amulet of reflection
Regen    0.2/turn               j - ring of fire
MPRegen  0.1/turn               (no ring)

@: lethally poisoned (-1 -> -33), resistant
A: icy blue scales 1, magic shield
a: Renounce Religion


You were on level 3 of the Dungeon.
You worshipped Xom.
You were a toy of Xom.
You were not hungry.

You visited 1 branch of the dungeon, and saw 3 of its levels.

You collected 109 gold pieces.

Inventory:

Armour
 k - a +2 ring mail of cold resistance (worn)
 v - a +0 pair of gloves (worn)
Jewellery
 h - an uncursed amulet of magic regeneration
 j - a ring of fire (left hand)
 m - a +2 amulet of reflection (around neck)
Scrolls
 e - 2 scrolls of enchant weapon {unknown}
 f - 2 scrolls of remove curse
 i - 3 scrolls of identify {unknown}
 l - a scroll of fear {unknown}
 o - a scroll of recharging {unknown}
 q - 2 scrolls of enchant armour {unknown}
 r - 3 scrolls of teleportation {unknown}
Potions
 n - a potion of degeneration {unknown}
 p - a potion of heal wounds {unknown}
 s - 2 potions of curing {unknown}
 t - a potion of brilliance {unknown}
Comestibles
 b - a bread ration
 c - 2 chunks of flesh
 d - 7 fruits


   Skills:
 + Level 3.1 Fighting
 - Level 3.1 Armour
 - Level 2.1 Dodging
 + Level 3.1 Unarmed Combat


You had 3 spell levels left.
You didn't know any spells.

Dungeon Overview and Level Annotations

Branches:
Dungeon (3/15)

Altars:
Elyvilon
Ru
Trog
Vehumet

Annotations:
D:3 Sigmund


Innate Abilities, Weirdness & Mutations

You are partially covered in icy blue scales. (AC +2)
When hurt, damage is shared between your health and your magic reserves.


Message History

Something tries to affect you, but you resist.
You hit something.
* * * LOW HITPOINT WARNING * * *
You feel sick. Something hits you but does no damage.
You are more poisoned.
You miss something.
* * * LOW HITPOINT WARNING * * *
You feel sick. Something hits you but does no damage.
You are more poisoned.
You closely miss something.
* * * LOW HITPOINT WARNING * * *
You feel sick.
You closely miss something.
* * * LOW HITPOINT WARNING * * *
You feel sick. Something hits you.
* * * LOW HITPOINT WARNING * * *
You are more poisoned.
You feel protected.
You die...
Xom snickers!

### #.#### #.> .....(
# #.# # #.####
#.##.##.# ...####
#...{...# #....
####@#### #.#..
#.......### #.#.#
#.#......[# #.#..
#.#..##.#.#######....
#.......#.......#....
#......[........#....
#....###.............
#....# #........#..#.
##.#.###........#..#.


There were no monsters in sight!

Vanquished Creatures
  An adder (D:2)
  2 oozes (D:2)
  3 worms (D:2)
  2 dart slugs (D:2)
  A leopard gecko (D:2)
  5 giant cockroaches
  5 goblins
  7 hobgoblins
  4 jackals
  9 bats
  5 frilled lizards
  6 kobolds
  11 rats
61 creatures vanquished.

Notes
Turn   | Place    | Note
-------+----------+-------------------------------------------
     0 | D:1      | Phantomfrettchen the Demonspawn Chaos Knight began the quest for the Orb.
     0 | D:1      | Reached XP level 1. HP: 18/18 MP: 1/1
     6 | D:1      | Reached skill level 1 in Dodging
   141 | D:1      | You fall through a shaft!
   142 | D:2      | XOM: harmless Air miscast
   151 | D:2      | Gained mutation: You are partially covered in icy blue scales. (AC +2) [demonic ancestry]
   151 | D:2      | Reached XP level 2. HP: 24/24 MP: 2/2
   229 | D:1      | Reached XP level 3. HP: 14/29 MP: 3/3
   783 | D:1      | XOM: medium Fire miscast
   834 | D:2      | XOM: harmless Tmut miscast
   878 | D:2      | XOM: god gift: 15 stones
  1066 | D:2      | Found a radiant altar of Vehumet.
  1066 | D:2      | Found a bloodstained altar of Trog.
  1080 | D:2      | XOM: mild Conj miscast
  1108 | D:2      | Found a white marble altar of Elyvilon.
  1150 | D:2      | Found a sacrificial altar of Ru.
  1364 | D:2      | Gained mutation: When hurt, damage is shared between your health and your magic reserves. [demonic ancestry]
  1364 | D:2      | Reached XP level 4. HP: 17/35 MP: 4/4
  1422 | D:2      | XOM: divination: detect creatures
  1482 | D:2      | XOM: harmless Necr miscast
  1922 | D:3      | XOM: noise
  2032 | D:3      | Noticed Sigmund
  2057 | D:3      | Succumbed to Sigmund's poison

Skill      XL: |  1  2  3 |
---------------+----------+-----
Dodging        | 1 2 |  2.1
Unarmed Combat | 3 |  3.1
Armour         | 2 3 |  3.1
Fighting       | |  3.1

Action                   |  1- 3 |  4- 6 || total
-------------------------+-------+-------++-------
Melee: Unarmed           |   191 |   112 ||   303
       Punch             |     1 |     1 ||     2
  Use: Potion            |     1 |     1 ||     2
       Scroll            |       |     1 ||     1
  Eat: Chunk             |     2 |     2 ||     4
Armor: Leather armour    |    72 |       ||    72
       Ring mail         |    43 |    42 ||    85
Dodge: Dodged            |   163 |    70 ||   233
Block: Other             |     7 |     7 ||    14
